 Dungeon Sprint DCSS version 0.20-a0-833-gc632bec (webtiles) character file.

25 esc the Vexing (level 2, -16/13 HPs)
             Began as a Felid Enchanter on Mar 7, 2017.
             Demolished by an ogre
             ... wielding a +0 giant club
              (29 damage)
             ... in the Dungeon (Sprint I: "Red Sonja").
             The game lasted 00:00:35 (124 turns).

esc the Vexing (Felid Enchanter)                     Turns: 124, Time: 00:00:36

Health: -16/13     AC:  1    Str:  4    XL:     2   Next: 82%
Magic:  3/6        EV: 19    Int: 16    God:
Gold:   0          SH:  0    Dex: 16    Spells: 3/6 levels left
                                        Lives:  0   Deaths: 0

rFire    . . .     SeeInvis +     - Unarmed
rCold    . . .     Gourm    .   (armour unavailable)
rNeg     . . .     Faith    .   (shield unavailable)
rPois    .         Spirit   .   (helmet unavailable)
rElec    .         Reflect  .   (cloak unavailable)
rCorr    .         Harm     .   (gloves unavailable)
MR       .....     NoTele   +   (boots unavailable)
Stlth    +++.......             (no amulet)
Regen    0.1/turn               (no ring)
MPRegen  0.1/turn               (no ring)

@: quick
A: no armour, no weapons or thrown items, stealth, claws 1, fangs 3, see
invisible, carnivore 3, speed 1, shaggy fur 1, slow metabolism 1, sharp paws
a: no special abilities


You were in the Dungeon.
You were full.

You visited 1 branch

Inventory:

Scrolls
 h - a scroll of blinking {!r}
Potions
 c - a potion of curing
 d - a potion of heal wounds
 e - a potion of haste
 f - 2 potions of magic
 g - 2 potions of flight {unknown}
Books
 a - a book of Maledictions
Comestibles
 b - a meat ration {@e2}


   Skills:
 + Level 1.9 Fighting
 + Level 4.1 Dodging
 + Level 5.1 Stealth
 + Level 2.4 Unarmed Combat
 + Level 2.9 Spellcasting
 + Level 5.4 Hexes


You had 3 spell levels left.
You knew the following spells:

 Your Spells              Type           Power        Failure   Level  Hunger
a - Ensorcelled Hibernat  Hex/Ice        ##....       12%         2    ##.....
v - Corona                Hex            ###....      1%          1    #......


Dungeon Overview and Level Annotations

Branches:
Dungeon (1/1)

Altars:


Innate Abilities, Weirdness & Mutations

You cannot wear armour.
You are incapable of wielding weapons or throwing items.
Your paws allow you to move quietly. (Stealth)
You have sharp claws.
You have razor-sharp teeth.
You have supernaturally acute eyesight. (SInv)
You are carnivorous and can eat meat at any time.
You cover ground quickly.
You are covered in fur. (AC +1)
You have a slow metabolism.
Your sharp claws are effective at attacking unaware monsters.


Message History

Welcome, esc the Felid Enchanter.
Found a staircase leading out of the dungeon.
You open the door.
Ijyb the Twisted Goblin comes into view.
She is wielding a dagger.
Ijyb shouts!
There is an open door here.
Really quaff
g - a potion of berserk rage {!q}?
A red film seems to cover your vision as you go berserk!
You feel yourself moving faster!
You feel mighty!
You now have 10/10 hp.
You claw Ijyb! Ijyb hits you with a dagger.
You take 2 damage, and have 8/10 hp.
You claw Ijyb! Ijyb hits you with a dagger.
You take 2 damage, and have 6/10 hp.
You claw Ijyb!
You kill Ijyb!
Your Fighting skill increases to level 1!
Your Dodging skill gained 2 levels and is now at level 4!
Your Stealth skill increases to level 5!
Your Unarmed Combat skill increases to level 2!
Your Hexes skill increases to level 5!
You have reached level 2!
You regained 5 hp, and now have 11/19 hp.
g - 2 fuming ruby potions
Things that are here:
a dagger; the goblin corpse of Ijyb You butcher the goblin corpse of Ijyb.
You feel a strong urge to attack something.
i - 2 chunks of flesh {@w0}
Things that are here:
a dagger; the goblin skeleton of Ijyb You are no longer berserk.
You pass out from exhaustion.
You feel yourself slow down.
You can move again.
You now have 8/13 hp.
You start resting.
Eating one of 2 chunks of flesh {@w0}.
You eat one of the 2 chunks of flesh {@w0}.
This raw flesh tastes great.
Eating a chunk of flesh {@w0}.
You eat the chunk of flesh {@w0}.
This raw flesh tastes great.
You feel yourself speed up.
You regained 2 hp, and now have 10/13 hp.
MP restored: 6 You start resting.
You feel less exhausted.
You start resting.
Health restored: 13 Memorise Ensorcelled Hibernation, consuming 2 spell levels and leaving 3?
You start memorising the spell.
You continue memorising. x2
You finish memorising.
Spell assigned to 'a'.
You open the door.
An ogre comes into view. It is wielding a giant club.
The ogre shouts!
Aim: an ogre, wielding a giant club (chance to defeat MR: 42%)
The ogre resists with some effort.
You now have 4/6 mp.
Things that are here:
a dagger; the goblin skeleton of Ijyb
There is an open door here.
Aim: an ogre, wielding a giant club (chance to defeat MR: 42%)
The ogre looks drowsy...
You now have 2/6 mp.
There is an open door here.
The helpless ogre fails to defend itself.
You claw the ogre! You bite the ogre, but do no damage.
The ogre completely misses you.
There is a fountain of clear blue water here.
There is a fountain of clear blue water here.
The ogre hits you with a giant club!!
Ouch! That really hurt!
You die...

##########
#<.#..'..#
#..').#..+
#..#### +#
#..# #..#
#O@# #⌠⌠#
####


You could see an ogre.

Vanquished Creatures
  Ijyb (D)
1 creature vanquished.

Notes
Turn   | Place    | Note
-------+----------+-------------------------------------------
     0 | D        | esc the Felid Enchanter began the quest for the Orb.
     0 | D        | Reached XP level 1. HP: 7/7 MP: 4/4
     1 | D        | Noticed Ijyb
     6 | D        | Killed Ijyb
     6 | D        | Reached skill level 1 in Fighting
     6 | D        | Reached skill level 4 in Dodging
     6 | D        | Reached skill level 5 in Stealth
     6 | D        | Reached skill level 2 in Unarmed Combat
     6 | D        | Reached skill level 5 in Hexes
     6 | D        | Reached XP level 2. HP: 11/13 MP: 4/6
   110 | D        | Learned a level 2 spell: Ensorcelled Hibernation
   110 | D        | Noticed an ogre
   124 | D        | Demolished by an ogre

Vault maps used:
D:        dungeon_sprint_1

Skill      XL: |  1 |
---------------+----+-----
Fighting       | 1 |  1.9
Dodging        | 4 |  4.1
Stealth        | 5 |  5.1
Unarmed Combat | 2 |  2.4
Hexes          | 5 |  5.4
Spellcasting   | |  2.9

Action                   || total
-------------------------++-------
Melee: Unarmed           ||     4
       Bite              ||     1
 Cast: Ensorcelled Hiber ||     2
  Use: Potion            ||     1
 Stab: Sleeping          ||     1
  Eat: Chunk             ||     2
Dodge: Dodged            ||     1

Vault maps used:
D:        dungeon_sprint_1

Table legend:
 A = Turns spent in this place as a percentage of turns spent in the entire game.
 B = Non-inter-level travel turns spent in this place as a percentage of non-inter-level travel turns spent in the entire game.
 C = Inter-level travel turns spent in this place as a percentage of turns spent in this place.
 D = Turns resting spent in this place as a percentage of non-inter-level travel turns spent in this place.
 E = Turns spent auto-exploring this place as a percentage of non-inter-level travel turns spent in this place.
 F = Non-inter-level travel turns spent in this place divided by the number of levels of this place that you've seen.
                   A       B       C       D       E      F
               +-------+-------+-------+-------+-------+----------------------
         Total | 100.0 | 100.0 |   0.0 |  13.8 |   0.0 |  29.0
       Dungeon | 100.0 | 100.0 |   0.0 |  13.8 |   0.0 |  29.0
               +-------+-------+-------+-------+-------+----------------------

Table legend:
 A = Kills in this place as a percentage of kills in entire the game.
 B = Kills by you in this place as a percentage of kills by you in the entire game.
 C = Kills by friends in this place as a percentage of kills by friends in the entire game.
 D = Other kills in this place as a percentage of other kills in the entire game.
 E = Experience gained in this place as a percentage of experience gained in the entire game.
 F = Experience gained in this place divided by the number of levels of this place that you have seen.
                   A       B       C       D       E      F
               +-------+-------+-------+-------+-------+----------------------
         Total | 100.0 | 100.0 |  -nan |  -nan | 100.0 |  36.0
       Dungeon | 100.0 | 100.0 |  -nan |  -nan | 100.0 |  36.0
               +-------+-------+-------+-------+-------+----------------------
